 Dungeon Crawl Stone Soup version 0.28.0-43-g3370ac3207 (webtiles) character file.

Game seed: 11762967129139251225

28 issech the Cudgeller (level 2, -2/29 HPs)
             Began as a Troll Monk on Mar 22, 2022.
             Slain by Natasha (5 damage)
             ... on level 2 of the Dungeon.
             The game lasted 00:02:18 (777 turns).

issech the Cudgeller (Troll Monk)                    Turns: 777, Time: 00:02:18

Health: -2/29      AC:  4    Str: 18    XL:     2   Next: 96%
Magic:  1/1        EV: 10    Int:  6    God:
Gold:   23         SH:  0    Dex: 12    Spells: 1/1 levels left

rFire   . . .      SeeInvis .   e - +0 flail
rCold   . . .      Faith    .   (no shield)
rNeg    . . .      Spirit   .   b - +0 robe
rPois   .          Reflect  .   (helmet restricted)
rElec   .          Harm     .   (no cloak)
rCorr   .          Rampage  .   (gloves unavailable)
Will    .....                   (boots unavailable)
Stlth   ++........              (no amulet)
HPRegen 0.89/turn               (no ring)
MPRegen 0.07/turn               (no ring)

@: no status effects
A: large, unfitting armour, claws 3, regeneration 1, shaggy fur 1, tough skin 1
a: no special abilities


You were on level 2 of the Dungeon.
You visited 1 branch of the dungeon, and saw 2 of its levels.

You collected 23 gold pieces.

Inventory:

Hand Weapons
 a - a +0 mace
 e - a +0 flail (weapon)
 h - a +0 whip
Missiles
 d - 18 stones
 f - 25 arrows
 g - 2 throwing nets
 k - 4 large rocks (quivered)
Armour
 b - a +0 robe (worn)
Scrolls
 j - a scroll of identify {unknown}
 l - a scroll of immolation {unknown}
Potions
 c - 2 potions of attraction {unknown}
 i - 2 potions of curing {unknown}


   Skills:
 + Level 2.6 Fighting
 + Level 3.3 Maces & Flails
 + Level 2.7 Dodging
 + Level 1.0 Stealth


You had one spell level left.
You didn't know any spells.
Your spell library contained the following spells:

 Spells                   Type           Power      Damage    Failure   Level
 Conjure Flame            Conj/Fire      0%         6-21      83%         3
 Ignite Poison            Fire/Tmut/Pois 0%         N/A       83%         3
 Sticky Flame             Conj/Fire      0%         2d3       99%         4


Dungeon Overview and Level Annotations

Branches:
Dungeon (2/15)

Altars:

Annotations:
D:2 Natasha


Innate Abilities, Weirdness & Mutations

You are too large for most types of armour.
You have claws for hands.
Your natural rate of healing is unusually fast.
You are covered in fur. (AC +1)
You have tough skin. (AC +1)


Message History

The ball python hisses angrily.
The ball python bites you but does no damage.
You barely miss the ball python. The ball python closely misses you.
You hit the ball python.
You kill the ball python!
Found a stone staircase leading up.
A quokka comes into view.
There is a stone staircase leading up here.
Natasha and a rat come into view.
Natasha hisses angrily.
Natasha moves out of view.
You closely miss the quokka. The quokka barely misses you.
Natasha barely misses you. The quokka misses you.
You sock the quokka!
You kill the quokka!
Natasha barely misses you.
Natasha casts a spell.
You see here a quokka corpse.
Natasha casts a spell at you. The magic dart hits you.
You hit the iron imp.
The iron imp is moderately wounded.
The iron imp closely misses you. Natasha claws you. Natasha barely misses you.
You see here a quokka corpse.
You hit Natasha.
Natasha is moderately wounded.
Natasha claws you. The iron imp barely misses you.
You barely miss Natasha.
Natasha is moderately wounded.
Natasha barely misses you. The iron imp closely misses you.
The rat barely misses you. Natasha claws you.
You hit Natasha.
Natasha is moderately wounded.
The rat bites you but does no damage. The iron imp hits you! Natasha claws you!
* * * LOW HITPOINT WARNING * * *
You barely miss Natasha.
Natasha is moderately wounded.
The rat barely misses you. Natasha claws you.
You die...

#####.### ......... ##
#.###..## # #. ........# #.
#.## #.###...# #..##..## #.#
.###..#....## #.#
..........##### #.#
......r.......# #.#
#....h@....... #.#
#.##.#5.###### #.# #.# #.#..#
#.# #.#..###### ...
#.......<.# #.# ##.#<.####.#
#.# ##..[..####.####### #.#
##..................
######.####........###.#######


You could see an iron imp (summoned), Natasha and a rat.

Vanquished Creatures
  A gnoll (D:1)
  2 endoplasms (D:1)
  2 hobgoblins
  3 jackals (D:1)
  3 quokkas
  A ball python (D:2)
  A bat (D:1)
  A frilled lizard (D:1)
  A kobold (D:1)
  2 rats (D:1)
17 creatures vanquished.

Notes
Turn   | Place    | Note
-------+----------+-------------------------------------------
     0 | D:1      | issech the Troll Monk began the quest for the Orb.
     0 | D:1      | Reached XP level 1. HP: 22/22 MP: 0/0
   134 | D:1      | Found a faded altar of an unknown god.
   230 | D:1      | Reached skill level 3 in Maces & Flails
   237 | D:1      | Reached XP level 2. HP: 29/29 MP: 1/1
   767 | D:2      | Noticed Natasha
   777 | D:2      | Slain by Natasha

Illustrated notes

Levels and vault maps discovered:
D:1:      saegor_arrival_simple_c, layout_basic, basic_ecumenical_altar
D:2:      layout_loops_ring, uniq_natasha

Skill      XL: |  1 |
---------------+----+-----
Maces & Flails | 3 |  3.3
Fighting       | |  2.6
Dodging        | |  2.7
Stealth        | |  1.0

Action                   || total
-------------------------++-------
Melee: Flail             ||    56
       Mace              ||     2
Armor: Robe              ||    35
Dodge: Dodged            ||    54
